Cogmind - Beta 13 @@@ ROGUE MODE // 2024.04.27 @ 19:26:18 Player: puppuppit Result: Destroyed by D-53 Grenadier with Mini Grenade Launcher Performance ------------- Evolutions (0) 0 Regions Visited (2) 400 Robots Destroyed (33) 165 Value Destroyed (489) 489 Prototype IDs (4) 80 Alien Tech Used (0) 0 Bonus (0) 0 TOTAL SCORE: 1134 Bonus ------- None Cogmind --------- Core Integrity 0/250 Matter 255/300 Energy 87/100 System Corruption 2% Temperature Warm (127) Movement Hovering (80) Location -10/Mines Parts ------- > --- POWER (1) -------- (None) > --- PROPULSION (2) --- Backup Propulsion I > --- UTILITY (2) ------ Small Storage Unit > --- WEAPON (2) ------- (None) > --- INVENTORY (8) ---- Medium Storage Unit High-capacity Matter Pod (200) Targeting Computer Targeting Computer Targeting Computer Targeting Computer Decoy Drone Bay (16/16) Peak State ------------ > --- POWER ------------ (None) > --- PROPULSION ------- Hover Unit Backup Propulsion I > --- UTILITY ---------- Decoy Drone Bay > --- WEAPON ----------- Assault Rifle > --- INVENTORY -------- Improved Heat Sink Medium Storage Unit High-capacity Matter Pod Targeting Computer Targeting Computer [Rating: 17] Favorites ----------- Power Light Ion Engine Engine Light Ion Engine Propulsion Hover Unit Wheel Wheel Hover Unit Hover Unit Utility Small Storage Unit Device Improved Terrain Scanner Storage Small Storage Unit Processor Targeting Computer Protection Light Armor Plating Weapon Small Laser Energy Gun Small Laser Energy Cannon Beam Cannon Ballistic Gun Assault Rifle Build | -11 -10 -10 ------- Run | Yrd Mat Min Slots Evolved . | . . . Power . | . . . Propulsion . | . . . Utility . | . . . Weapon . | . . . Parts Attached 33 | 8 17 8 Power 10 | 2 8 . Engine 10 | 2 8 . Core . | . . . Reactor . | . . . Propulsion 9 | 2 4 3 Treads . | . . . Leg . | . . . Wheel 2 | 2 . . Hover 7 | . 4 3 Flight . | . . . Utility 10 | 2 4 4 Device 3 | 1 1 1 Storage 3 | 1 1 1 Processor 2 | . 2 . Hackware . | . . . Protection 2 | . . 2 Artifact . | . . . Weapon 4 | 2 1 1 Energy Gun 2 | 2 . . Energy Cannon 1 | . 1 . Ballistic Gun 1 | . . 1 Ballistic Cannon . | . . . Launcher . | . . . Special Weapon . | . . . Impact Weapon . | . . . Slashing Weapon . | . . . Piercing Weapon . | . . . Special Melee Weapon . | . . . Unidentified Prototypes 1 | . . 1 Parts Lost 8 | . 2 6 Power 1 | . . 1 Propulsion 5 | . 1 4 Utility . | . . . Weapon 2 | . 1 1 Highest Loss Streak 3 | . 2 3 To Critical Strikes . | . . . Average Slot Usage (%) 83 | . 93 59 Engine 10 | . 14 . Wheel 4 | . 6 . Hover 21 | . 21 22 Device 5 | . 5 7 Storage 13 | . 14 13 Processor 6 | . 8 . Protection 1 | . . 5 Energy Gun 12 | . 16 . Energy Cannon 5 | . 5 3 Ballistic Gun 1 | . . 5 Naked Turns . | . . . Heaviest Build 13 | 13 13 12 Greatest Support 20 | 20 20 12 Greatest Overweight (x) 1 | 1 1 1 Average Overweight (x) . | . . . Largest Inventory Capacity 8 | 8 8 8 Average Capacity 7 | 7 8 7 Most Carried 8 | 3 8 8 Average Carried 6 | . 7 7 Final Capacity 8 | 8 8 8 Final Carried 8 | 3 8 8 Class Distribution -------------------- 100% | Mutant Dominant Class ---------------- Mutant | -10/Materials Mutant | -10/Mines Resources | -11 -10 -10 ----------- Run | Yrd Mat Min Matter Collected 723 | 320 360 43 Remotely . | . . . Salvage Created 1090 | 258 747 85 Parts 75 | 21 52 2 Haulers Intercepted 2 | . 2 . Recyclers Shooed 1 | . 1 . Parts Field Recycled . | . . . Retrieved Matter . | . . . Parts Self-Destructed . | . . . Prevented . | . . . Kills | -11 -10 -10 ------- Run | Yrd Mat Min Combat Hostiles Destroyed 10 | . 8 2 Guns 5 | . 5 . Cannons 3 | . 1 2 AOE 1 | . 1 . Classes Destroyed 9 | 3 6 . Worker 8 | 2 5 1 Tunneler 5 | 5 . . Hauler 2 | . 2 . Recycler 3 | 1 2 . Mechanic 1 | . 1 . Operator 1 | . 1 . Watcher 3 | . 3 . Swarmer 3 | . 3 . Grunt 7 | . 5 2 Best Kill Streak 6 | 6 4 3 Combat Bots Only 2 | . 2 2 Max Kills in Single Turn 1 | 1 1 1 Gunslinging . | . . . Exploded 1 | . 1 . Melee . | . . . Uniques/NPCs Destroyed . | . . . Combat | -11 -10 -10 -------- Run | Yrd Mat Min Hostile Shots Fired 68 | . 41 27 Missed 24 | . 17 7 Damage Taken 800 | 37 282 481 Core 262 | . 84 178 Absorbed by Shields . | . . . Core Remaining (%) 100 | 100 . . Volleys Fired 97 | 19 65 13 Largest 2 | 2 2 1 Hottest 100 | 80 100 60 Shots Fired 161 | 38 110 13 Gun 128 | 38 89 1 Cannon 33 | . 21 12 Launcher . | . . . Special . | . . . Kinetic 1 | . . 1 Thermal 98 | 19 67 12 Explosive . | . . . Electromagnetic 62 | 19 43 . Robot Hit Streak 9 | 6 9 3 Robot Miss Streak 4 | 3 4 2 Penetration Max . | . . . Secondary Targets 1 | . 1 . Max Gunslinging Chain 1 | . 1 . Shots Hit Robots 101 | 24 69 8 Core Hits 41 | 9 27 5 Critical Kills 1 | . 1 . Critical Parts Destroyed . | . . . Critical Strikes 2 | . 2 . Meltdown 1 | . 1 . Corrupt 1 | . 1 . Melee Attacks . | . . . Impact . | . . . Slashing . | . . . Piercing . | . . . Sneak Attacks . | . . . Combat Hostiles . | . . . Follow-up Attacks . | . . . Damage Inflicted 1683 | 309 1102 272 Guns 955 | 286 654 15 Cannons 428 | . 303 125 Explosions 282 | 23 145 114 Melee . | . . . Ramming 18 | . . 18 Kinetic 15 | . . 15 Thermal 1143 | 176 728 239 Explosive . | . . . Electromagnetic 507 | 133 374 . Impact . | . . . Slashing . | . . . Piercing . | . . . Highest Corruption 2 | . . 2 Average Corruption 2 | . . 2 Corruption Purged . | . . . Corruption Blocked . | . . . Effects 5 | . . 5 Message Errors 1 | . . 1 Matter Fused 2 | . . 2 Heat Flow Errors 1 | . . 1 Data Loss (minor) 1 | . . 1 Overload Shots . | . . . Overflow Damage 145 | 7 59 79 Projectiles 5 | . 5 . Explosions 140 | 7 54 79 Melee . | . . . Knockbacks . | . . . Impact . | . . . Kinetic . | . . . Secondary . | . . . Self-Inflicted Damage 177 | 37 55 85 Shots 4 | 1 1 2 Rammed 3 | . . 3 Targets Rammed 3 | . . 3 Kicked . | . . . Crushed . | . . . Highest Temperature 266 | 266 173 208 Average Temperature 67 | 105 56 67 Received Heat Transfer 227 | . 72 155 Effects 1 | 1 . . Energy Bleed 1 | 1 . . Siege Activations . | . . . Robots Corrupted . | . . . Combat Hostiles . | . . . Parts Fried 1 | . 1 . Impact Corruptions . | . . . Robots Melted 1 | . 1 . Combat Hostiles 1 | . 1 . Parts Melted 2 | . . 2 Heat Transferred 2163 | 400 1404 359 Parts Sabotaged . | . . . Parts Stolen . | . . . Parts Stripped . | . . . Power Chain Reactions 4 | 1 3 . Alert | -11 -10 -10 ------- Run | Yrd Mat Min Peak Influence 289 | 40 289 170 Initial 49 | . 26 49 Average 147 | 17 175 128 Maximum Alert Level 1 | . 1 . Low Security (%) 74 | 100 59 100 Level 1 25 | . 40 . Level 2 . | . . . Level 3 . | . . . Level 4 . | . . . Level 5 . | . . . High Security . | . . . Max Security . | . . . Squads Dispatched 1 | . 1 . Investigation . | . . . Extermination . | . . . Reinforcement 1 | . 1 . Assault . | . . . Garrison . | . . . Intercept . | . . . Searches Triggered . | . . . Construction Impeded . | . . . Haulers Reinforced . | . . . Active Scanning Responses . | . . . Cargo Convoy Interrupts . | . . . Stealth | -11 -10 -10 --------- Run | Yrd Mat Min Distress Signals 1 | . 1 . Communications Jammed . | . . . Distress Signals . | . . . Times Spotted 30 | . 19 11 Peak Tracking Total 4 | . 3 4 Tactical Retreats 5 | . 3 2 Traps | -11 -10 -10 ------- Run | Yrd Mat Min Traps Triggered . | . . . Indirectly . | . . . Trap Hack Attempts . | . . . Triggered . | . . . Disarmed . | . . . Reprogrammed . | . . . Reused . | . . . Traps Extracted . | . . . Installed . | . . . Triggered . | . . . Machines | -11 -10 -10 ---------- Run | Yrd Mat Min Machines Disabled 4 | . 1 3 Max in Single Turn 2 | . 1 2 Machines Repaired . | . . . Machines Dismantled . | . . . Machines Sabotaged . | . . . Overloaded Fab Kills . | . . . Hacking | -11 -10 -10 --------- Run | Yrd Mat Min Machines Accessed 10 | . 9 1 Terminals 6 | . 6 . Fabricators . | . . . Repair Stations 1 | . 1 . Recycling Units 2 | . 2 . Scanalyzers . | . . . Garrison Access . | . . . Total Hacks 23 | . 22 1 Successful 10 | . 9 1 Failed 12 | . 12 . Catastrophic 4 | . 4 . Database Lockouts 1 | . 1 . Manual 9 | . 9 . Terminals 16 | . 16 . Fabricators . | . . . Repair Stations 2 | . 2 . Recycling Units 4 | . 4 . Scanalyzers . | . . . Garrison Access . | . . . Terminal Hacks 7 | . 6 1 Record 1 | . 1 . Robot Analysis 2 | . 2 . Prototype ID Bank 1 | . 1 . Open Door 1 | . . 1 Branch Access Points 1 | . 1 . Locate Traps 1 | . 1 . Fabricator Hacks . | . . . Repair Station Hacks 1 | . 1 . Refit 1 | . 1 . Recycling Unit Hacks 2 | . 2 . Retrieve Components 2 | . 2 . Scanalyzer . | . . . Garrison Access Hacks . | . . . Unauthorized Hacks . | . . . Terminals . | . . . Fabricators . | . . . Repair Stations . | . . . Recycling Units . | . . . Scanalyzers . | . . . Garrison Access . | . . . Data Cores Recovered . | . . . Used . | . . . Hacking Detections 7 | . 7 . Full Trace Events . | . . . Feedback Events . | . . . Feedback Blocked . | . . . Robot Schematics Acquired . | . . . Robots Built . | . . . Authchips . | . . . Time . | . . . Total Robot Build Rating . | . . . Part Schematics Acquired . | . . . Parts Built . | . . . Authchips . | . . . Time . | . . . Total Part Build Rating . | . . . Parts Repaired . | . . . Time . | . . . Parts Recycled . | . . . Recycled Matter . | . . . Retrieved Matter . | . . . Retrieved Components 12 | . 12 . Parts Scanalyzed . | . . . Part Schematics Acquired . | . . . Parts Damaged . | . . . Bothacking | -11 -10 -10 ------------ Run | Yrd Mat Min Used RIF Installer . | . . . Robots Hacked . | . . . Non-combat . | . . . Combat . | . . . Robot Hacks Applied . | . . . Relay Couplers Released . | . . . Fabnet Peak Effective % . | . . . Robots Rewired . | . . . Allies Hacked . | . . . Hacks Repelled . | . . . Allies | -11 -10 -10 -------- Run | Yrd Mat Min Total Allies 3 | . . 3 Largest Group 3 | . . 3 Highest-Rated Group 40 | . . 40 Highest-Rated Ally 16 | . . 16 Total Orders 1 | . . 1 STAY 1 | . . 1 Ally Attacks 9 | . . 9 Total Damage 43 | . . 43 Kills 1 | . . 1 Allies Corrupted . | . . . Allies Melted . | . . . Intel | -11 -10 -10 ------- Run | Yrd Mat Min Robot Analysis Total 2 | . 2 . Derelict Logs Recovered 2 | . . 2 Drone Launches . | . . . Drone Recoveries . | . . . Exploration | -11 -10 -10 ------------- Run | Yrd Mat Min Turns Passed 1292 | 133 826 333 Spaces Moved 1439 | 76 940 423 Core 3 | 3 . . Treads . | . . . Legs . | . . . Wheels 208 | 73 135 . Hover 1228 | . 805 423 Flight . | . . . Fastest Speed 50 | 50 56 56 Average Speed 62 | 79 61 62 Slowest Speed 160 | 95 160 120 Overloaded Moves . | . . . Propulsion Burnouts . | . . . Robots Hopped . | . . . Cave-ins Triggered . | . . . Exploration Rate (%) 62 | 4 95 87 Regions Visited 2 Branch Regions 1 Pre-discovered Areas . | . . . Known Exits Taken 1 | . 1 . Unknown Exits Taken 1 | 1 . . Scrap Searched 1 | . . 1 Spaces Dug . | . . . Terrain Destroyed 26 | 3 9 14 Melee . | . . . Projectile . | . . . AOE 26 | 3 9 14 Terrain Rammed . | . . . Walls Destroyed . | . . . Machines Disabled . | . . . Actions | -11 -10 -10 --------- Run | Yrd Mat Min Total 1680 | 107 1092 481 Wait 43 | . 21 22 Move 1437 | 75 939 423 Hop . | . . . Pick Up 29 | 3 21 5 Fast Attach 17 | 8 4 5 Attach 5 | . 2 3 Detach 5 | 1 3 1 Swap 11 | . 11 . Drop 33 | 1 26 6 Fire 97 | 19 65 13 Melee . | . . . Ram 3 | . . 3 Kick . | . . . Crush . | . . . Escape Stasis . | . . . Rewire . | . . . Trap . | . . . Miscellaneous . | . . . Route ------- -11/Scrapyard -10/Materials (discovered 4 exits: [*Mat x3] / *Min) -10/Mines (discovered 2 exits: [*Mat x2]) History --------- Turn | Location | Event 7 | -11/Scrapyard | Discovered new exit (range 16) 134 | -11/Scrapyard | Entered Materials 238 | -10/Materials | Discovered new exit (range 13) 295 | -10/Materials | Central database locked down 309 | -10/Materials | Build established: Mutant 437 | -10/Materials | Identified exit to Mines 696 | -10/Materials | Discovered new exit (range 16) 730 | -10/Materials | Discovered new exit (range 16) 778 | -10/Materials | Discovered new exit (range 14) 960 | -10/Materials | Entered Mines 961 | -10/Mines | Assembled infested the area 997 | -10/Mines | Core integrity fell below 50% 1036 | -10/Mines | Lost 3 parts (1p2n) 1040 | -10/Mines | Core integrity fell below 20% 1130 | -10/Mines | Assisted by bots powering up and referring to "LRC-V3" 1145 | -10/Mines | Learned Materials garrison access intel 1145 | -10/Mines | Discovered new exit (range 8) 1201 | -10/Mines | Discovered new exit (range 11) 1206 | -10/Mines | Found the Drone Emporium 1211 | -10/Mines | Found Prototype Device 1211 | -10/Mines | Identified Decoy Drone Bay 1293 | -10/Mines | Destroyed by D-53 Grenadier with Mini Grenade Launcher Last Messages --------------- attached!" 01208_ Dropped Lgt. Armor Plating. 01209_ Dropped Sml. Storage Unit. 01211_ Acquired Prototype Device. 01211_ Identified Decoy Drone Bay. 01212_ Dropped Decoy Drone Bay. 01213_ Acquired Sml. Storage Unit. 01217_ Acquired Decoy Drone Bay. 01218_ Dropped Imp. Heat Sink. 01219_ Acquired Targeting Computer. 01225_ Acquired Lgt. Armor Plating. 01236_ System corrupted: Matter fused (-7). 01263_ Acquired 10 matter. 01272_ K-01 Serf collects debris. 01272_ Acquired 10 matter. 01288_ System corrupted: Heat flow error (+227). 01290_ Seismic Survey Station disabled. 01291_ Hover Unit destroyed. 01291_ Dropped Assault Rifle. 01292_ Dropped Lgt. Armor Plating. Map ----- +----------------------------------------------------+ | #### #??# ##?????## #????? | | % #?? ???????### #????? | | ######?? ????????### #????? | | #### ##?##?????? % ??????????## ##????? | | ???#####?# ##??#?? # ???????????## = ###?????? | | ????????# #? #? # ##????????????#=%##???????? | | ???????# # #???##!#???????????????# !#????????? | | ??????# #????#%#????????# ###### #????????? | | ?##### #????# #????????# #????????? | | ## #???????# #?????????####### %#????????? | | ## #%#???# #??????????????# #????????? | | ## ! ## ##????????????# #????????? | | % #?# #??????????### ##???????? | | % ## #### #?????????## ##??????? | | # #???# #??######## ##?????? | | #??# #?## < ##????? | | ##?## #?# #????? | | #?## #?# ##### #????? | | ? ##?# d #?## ## #???## ##????? | | #??## #??##### #????######?????? | | # =% # # ????# #??????# #???????????????? | | # ##??#??##gg ####???# #???????????????? | | ## ##?????## " ##??# #???????????????? | | ?# #########?# " #??# #???????????????? | | ?## ## ^ ### " g[ #???# #???????????????? | | ???####^ # # ### @ ##### #???????????????? | | ??????# # # < #?# #???????????????? | | ??????# # ^ #??## ###r ######???????????????? | | ??????# ## #???#####?# ##????????????????????? | | ??????# ^ ######????# ##???????????????????? | | ??????##### #????# #???????????????????? | | ????####### #????# #???????????????????? | | ???##""## #????# #???????????????????? | | ???#" # #????# #???????????????????? | | ???#"! ! ###### #???????????????????? | | ???#" k#???????????????????? | | ???#" #X ######## #???####????????????? | | ???##""## #??????# ##### #????????????? | | ????####### #??????# #?????????????? | | ??????????##########??????# #?????????????? | | ??????????????????????????##########?????????????? | | ?????????????????????????????????????????????????? | | ?????????????????????????????????????????????????? | | ?????????????????????????????????????????????????? | | | | | | | | | | | | | +----------------------------------------------------+ Best States ------------- Heat Dissipation 39 Energy Generation 10 Energy Capacity 250 Matter Stores 300 Matter Capacity 300 Sight Range 16 Terrain Scan Range 16 Terrain Scan Density 10 Armor Coverage 150 Evasion (%) 53 Targeting Accuracy 5 Item Schematics ----------------- None Robot Schematics ------------------ None Fabricated ------------ Nothing Alien Tech Used ----------------- None Achievements -------------- None Challenges ------------ None Game ------ Seed TitaniumThermicScreen Manual? 0 Play Time 00:22:36 Cumulative 278.6 hours Start 2024.04.27 @ 19:08:43 End 2024.04.27 @ 19:26:18 Sessions 1 Manual Loads 0 Difficulty Rogue Special Mode None Game No. 112 Rogue 112 Adventurer 0 Explorer 0 Win Type - Total 1 Types 0/0/1/0/0/0/0/0/0 Lore% 65 Gallery% 73 Achievement% 59 Wizard Run 0 Options --------- Layout 0 ASCII 0 Keyboard 1 Movement Arrows Keybinds 0 Fullscreen 1 Font 12/Proggy Map View 83x54 Zoom Use 0% Tactical HUD 1 Map Filters NONE Filters NONE Steam 0 RUN: e704127b-dd7b-42f9-99f5-ce36aeeec2e2